Workbook

Sheet Operating Budget
B2: Sales Budget
D3: Quarter 1 | E3: Quarter 2 | F3: Quarter 3 | G3: Quarter 4 | H3: Total
C4: Units | D4: 65000 | E4: 70000 | F4: 75000 | G4: 90000 | H4: =SUM(D4:G4) -> 300000
B5: x | C5: Selling Price | D5: 400 | E5: 400 | F5: 400 | G5: 400 | H5: 400
C6: Total Sales | D6: =D4*D5 -> 26000000 | E6: =E4*E5 -> 28000000 | F6: =F4*F5 -> 30000000 | G6: =G4*G5 -> 36000000 | H6: =H4*H5 -> 120000000
B9: Production Budget
D10: Quarter 1 | E10: Quarter 2 | F10: Quarter 3 | G10: Quarter 4 | H10: Total
C11: Unit Sales | D11: =D4 -> 65000 | E11: =E4 -> 70000 | F11: =F4 -> 75000 | G11: =G4 -> 90000 | H11: =H4 -> 300000
B12: + | C12: Desired Ending Inventory | D12: 13000 | E12: 15000 | F12: 20000 | G12: 10000 | H12: =G12 -> 10000
C13: Total Needs | D13: =SUM(D11:D12) -> 78000 | E13: =SUM(E11:E12) -> 85000 | F13: =SUM(F11:F12) -> 95000 | G13: =SUM(G11:G12) -> 100000 | H13: =SUM(H11:H12) -> 310000
B14: - | C14: Beginning Inventory | D14: 0 | E14: =D12 -> 13000 | F14: =E12 -> 15000 | G14: =F12 -> 20000 | H14: =D14 -> 0
C15: Units to Be Produced (UTBP) | D15: =D13-D14 -> 78000 | E15: =E13-E14 -> 72000 | F15: =F13-F14 -> 80000 | G15: =G13-G14 -> 80000 | H15: =H13-H14 -> 310000
B18: Direct Materials Purchases Budget
D19: Quarter 1 | E19: Quarter 2 | F19: Quarter 3 | G19: Quarter 4 | H19: Total
C20: Units to Be Produced (UTBP) | D20: =D15 -> 78000 | E20: =E15 -> 72000 | F20: =F15 -> 80000 | G20: =G15 -> 80000 | H20: =H15 -> 310000
B21: x | C21: DM per Unit | D21: 3 | E21: 3 | F21: 3 | G21: 3 | H21: 3
C22: Production Needs | D22: =D20*D21 -> 234000 | E22: =E20*E21 -> 216000 | F22: =F20*F21 -> 240000 | G22: =G20*G21 -> 240000 | H22: =H20*H21 -> 930000
B23: + | C23: Desired Ending Inventory (30%) | D23: =E22*30% -> 64800 | E23: =F22*30% -> 72000 | F23: =G22*30% -> 72000 | G23: 65700 | H23: =G23 -> 65700
C24: Total Needs | D24: =SUM(D22:D23) -> 298800 | E24: =SUM(E22:E23) -> 288000 | F24: =SUM(F22:F23) -> 312000 | G24: =SUM(G22:G23) -> 305700 | H24: =SUM(H22:H23) -> 995700
B25: - | C25: Beginning Inventory | D25: 65700 | E25: =D23 -> 64800 | F25: =E23 -> 72000 | G25: =F23 -> 72000 | H25: =D25 -> 65700
C26: DM To Be Purchased | D26: =D24-D25 -> 233100 | E26: =E24-E25 -> 223200 | F26: =F24-F25 -> 240000 | G26: =G24-G25 -> 233700 | H26: =H24-H25 -> 930000
B27: x | C27: Cost per Unit | D27: 80 | E27: 80 | F27: 80 | G27: 80 | H27: 80
C28: DM Cost | D28: =D26*D27 -> 18648000 | E28: =E26*E27 -> 17856000 | F28: =F26*F27 -> 19200000 | G28: =G26*G27 -> 18696000 | H28: =H26*H27 -> 74400000
B31: Direct Labor Budget
D32: Quarter 1 | E32: Quarter 2 | F32: Quarter 3 | G32: Quarter 4 | H32: Total
C33: Units to Be Produced (UTBP) | D33: =D15 -> 78000 | E33: =E15 -> 72000 | F33: =F15 -> 80000 | G33: =G15 -> 80000 | H33: =H15 -> 310000
B34: x | C34: DL Hours per Unit | D34: 5 | E34: 5 | F34: 5 | G34: 5 | H34: 5
C35: Total DLH Needs | D35: =D33*D34 -> 390000 | E35: =E33*E34 -> 360000 | F35: =F33*F34 -> 400000 | G35: =G33*G34 -> 400000 | H35: =H33*H34 -> 1550000
B36: x | C36: Average Wage Rate | D36: 10 | E36: 10 | F36: 10 | G36: 10 | H36: 10
C37: DL Cost | D37: =D35*D36 -> 3900000 | E37: =E35*E36 -> 3600000 | F37: =F35*F36 -> 4000000 | G37: =G35*G36 -> 4000000 | H37: =H35*H36 -> 15500000
B40: Overhead Budget
D41: Quarter 1 | E41: Quarter 2 | F41: Quarter 3 | G41: Quarter 4 | H41: Total
C42: DL Hours | D42: =D35 -> 390000 | E42: =E35 -> 360000 | F42: =F35 -> 400000 | G42: =G35 -> 400000 | H42: =H35 -> 1550000
B43: x | C43: VOH Rate per DLH | D43: 6 | E43: 6 | F43: 6 | G43: 6 | H43: 6
C44: VOH | D44: =D42*D43 -> 2340000 | E44: =E42*E43 -> 2160000 | F44: =F42*F43 -> 2400000 | G44: =G42*G43 -> 2400000 | H44: =H42*H43 -> 9300000
B45: + | C45: FOH | D45: 1000000 | E45: 1000000 | F45: 1000000 | G45: 1000000 | H45: 4000000
C46: OH Cost | D46: =SUM(D44:D45) -> 3340000 | E46: =SUM(E44:E45) -> 3160000 | F46: =SUM(F44:F45) -> 3400000 | G46: =SUM(G44:G45) -> 3400000 | H46: =SUM(H44:H45) -> 13300000
B49: Ending FG Inventory Budget
D50: Quarter 1 | E50: Quarter 2 | F50: Quarter 3 | G50: Quarter 4
C51: DM Cost per FG Unit | D51: =D21*D27 -> 240 | E51: =E21*E27 -> 240 | F51: =F21*F27 -> 240 | G51: =G21*G27 -> 240
B52: + | C52: DL Cost per FG Unit | D52: =D34*D36 -> 50 | E52: =E34*E36 -> 50 | F52: =F34*F36 -> 50 | G52: =G34*G36 -> 50
B53: + | C53: VOH Cost per FG Unit | D53: =D43*D34 -> 30 | E53: =E43*E34 -> 30 | F53: =F43*F34 -> 30 | G53: =G43*G34 -> 30
B54: + | C54: FOH Cost per FG Unit | D54: =$H$45/$H$15 -> 12.903226 | E54: =$H$45/$H$15 -> 12.903226 | F54: =$H$45/$H$15 -> 12.903226 | G54: =$H$45/$H$15 -> 12.903226
C55: Total Cost per FG Unit | D55: =SUM(D51:D54) -> 332.90323 | E55: =SUM(E51:E54) -> 332.90323 | F55: =SUM(F51:F54) -> 332.90323 | G55: =SUM(G51:G54) -> 332.90323
B56: x | C56: Desired End. Inv. | D56: =D12 -> 13000 | E56: =E12 -> 15000 | F56: =F12 -> 20000 | G56: =G12 -> 10000
C57: End FG Inventory Cost | D57: =D55*D56 -> 4327741.9 | E57: =E55*E56 -> 4993548.4 | F57: =F55*F56 -> 6658064.5 | G57: =G55*G56 -> 3329032.3
B60: COGS Budget
D61: Quarter 1 | E61: Quarter 2 | F61: Quarter 3 | G61: Quarter 4 | H61: Total
C62: DM Used | D62: =D28 -> 18648000 | E62: =E28 -> 17856000 | F62: =F28 -> 19200000 | G62: =G28 -> 18696000 | H62: =H15*$G$51 -> 74400000
B63: + | C63: DL | D63: =D37 -> 3900000 | E63: =E37 -> 3600000 | F63: =F37 -> 4000000 | G63: =G37 -> 4000000 | H63: =H37 -> 15500000
B64: + | C64: OH | D64: =D46 -> 3340000 | E64: =E46 -> 3160000 | F64: =F46 -> 3400000 | G64: =G46 -> 3400000 | H64: =H46 -> 13300000
C65: Total Current Mfg Costs | D65: =SUM(D62:D64) -> 25888000 | E65: =SUM(E62:E64) -> 24616000 | F65: =SUM(F62:F64) -> 26600000 | G65: =SUM(G62:G64) -> 26096000 | H65: =SUM(H62:H64) -> 103200000
B66: + | C66: Beginning FG Inventory | D66: =D14 -> 0 | E66: =D57 -> 4327741.9 | F66: =E57 -> 4993548.4 | G66: =F57 -> 6658064.5 | H66: =D66 -> 0
C67: Goods Available for Sale | D67: =SUM(D65:D66) -> 25888000 | E67: =SUM(E65:E66) -> 28943742 | F67: =SUM(F65:F66) -> 31593548 | G67: =SUM(G65:G66) -> 32754065 | H67: =SUM(H65:H66) -> 103200000
B68: - | C68: End FG Inventory | D68: =$G$55*D12 -> 4327741.9 | E68: =$G$55*E12 -> 4993548.4 | F68: =$G$55*F12 -> 6658064.5 | G68: =$G$55*G12 -> 3329032.3 | H68: =G68 -> 3329032.3
C69: COGS | D69: =D67-D68 -> 21560258 | E69: =E67-E68 -> 23950194 | F69: =F67-F68 -> 24935484 | G69: =G67-G68 -> 29425032 | H69: =H67-H68 -> 99870968
B72: Selling & Administrative Expenses Budget
D73: Quarter 1 | E73: Quarter 2 | F73: Quarter 3 | G73: Quarter 4 | H73: Total
C74: Unit Sales | D74: =D4 -> 65000 | E74: =E4 -> 70000 | F74: =F4 -> 75000 | G74: =G4 -> 90000 | H74: =H4 -> 300000
B75: X | C75: Variable S&A Rate | D75: 10 | E75: 10 | F75: 10 | G75: 10 | H75: 10
C76: Variable S&A | D76: =D74*D75 -> 650000 | E76: =E74*E75 -> 700000 | F76: =F74*F75 -> 750000 | G76: =G74*G75 -> 900000 | H76: =H74*H75 -> 3000000
B77: + | C77: Fixed S&A | D77: 250000 | E77: 250000 | F77: 250000 | G77: 250000 | H77: =SUM(D77:G77) -> 1000000
C78: Total S&A | D78: =SUM(D76:D77) -> 900000 | E78: =SUM(E76:E77) -> 950000 | F78: =SUM(F76:F77) -> 1000000 | G78: =SUM(G76:G77) -> 1150000 | H78: =SUM(H76:H77) -> 4000000
B81: Budgeted Income Statement
D82: Quarter 1 | E82: Quarter 2 | F82: Quarter 3 | G82: Quarter 4 | H82: Total
C83: Sales | D83: =D6 -> 26000000 | E83: =E6 -> 28000000 | F83: =F6 -> 30000000 | G83: =G6 -> 36000000 | H83: =H6 -> 120000000
B84: - | C84: COGS | D84: =D69 -> 21560258 | E84: =E69 -> 23950194 | F84: =F69 -> 24935484 | G84: =G69 -> 29425032 | H84: =H69 -> 99870968
C85: Gross Margin | D85: =D83-D84 -> 4439741.9 | E85: =E83-E84 -> 4049806.5 | F85: =F83-F84 -> 5064516.1 | G85: =G83-G84 -> 6574967.7 | H85: =H83-H84 -> 20129032
B86: - | C86: S&A Expenses | D86: =D78 -> 900000 | E86: =E78 -> 950000 | F86: =F78 -> 1000000 | G86: =G78 -> 1150000 | H86: =H78 -> 4000000
C87: Operating Income | D87: =D85-D86 -> 3539741.9 | E87: =E85-E86 -> 3099806.5 | F87: =F85-F86 -> 4064516.1 | G87: =G85-G86 -> 5424967.7 | H87: =H85-H86 -> 16129032

Sheet Financial Budget
B2: Cash Budget
D3: Quarter 1 | E3: Quarter 2 | F3: Quarter 3 | G3: Quarter 4
C4: Beginning Cash | D4: 250000 | E4: =D17 -> 1038000 | F4: =E17 -> 2876000 | G4: =F17 -> 5748000
B5: + | C5: Collections | D5: ='Cash Budget SupportingSchedules'!C17 -> 25400000 | E5: ='Cash Budget SupportingSchedules'!D17 -> 27700000 | F5: ='Cash Budget SupportingSchedules'!E17 -> 29700000 | G5: ='Cash Budget SupportingSchedules'!F17 -> 35100000
C6: Available Cash | D6: =SUM(D4:D5) -> 25650000 | E6: =SUM(E4:E5) -> 28738000 | F6: =SUM(F4:F5) -> 32576000 | G6: =SUM(G4:G5) -> 40848000
C7: Disbursements:
C8: DM Purchases | D8: ='Cash Budget SupportingSchedules'!C43 -> 16572000 | E8: ='Cash Budget SupportingSchedules'!D43 -> 18252000 | F8: ='Cash Budget SupportingSchedules'!E43 -> 18528000 | G8: ='Cash Budget SupportingSchedules'!F43 -> 18948000
C9: DL | D9: ='Operating Budget'!D37 -> 3900000 | E9: ='Operating Budget'!E37 -> 3600000 | F9: ='Operating Budget'!F37 -> 4000000 | G9: ='Operating Budget'!G37 -> 4000000
C10: OH | D10: ='Cash Budget SupportingSchedules'!C59 -> 2990000 | E10: ='Cash Budget SupportingSchedules'!D59 -> 2810000 | F10: ='Cash Budget SupportingSchedules'!E59 -> 3050000 | G10: ='Cash Budget SupportingSchedules'!F59 -> 3050000
C11: S&A | D11: ='Cash Budget SupportingSchedules'!C66 -> 850000 | E11: ='Cash Budget SupportingSchedules'!D66 -> 900000 | F11: ='Cash Budget SupportingSchedules'!E66 -> 950000 | G11: ='Cash Budget SupportingSchedules'!F66 -> 1100000
C12: Dividends | D12: 300000 | E12: 300000 | F12: 300000 | G12: 300000
C13: Equipment Purch. | D13: ----- | E13: ----- | F13: ----- | G13: 2000000
B14: - | C14: Cash Needs | D14: =SUM(D8:D13) -> 24612000 | E14: =SUM(E8:E13) -> 25862000 | F14: =SUM(F8:F13) -> 26828000 | G14: =SUM(G8:G13) -> 29398000
C15: Excess (Deficiency) | D15: =D6-D14 -> 1038000 | E15: =E6-E14 -> 2876000 | F15: =F6-F14 -> 5748000 | G15: =G6-G14 -> 11450000
B16: +/- | C16: Financing | D16: ----- | E16: ----- | F16: ----- | G16: -----
C17: Ending Cash | D17: =D6-D14 -> 1038000 | E17: =E6-E14 -> 2876000 | F17: =F6-F14 -> 5748000 | G17: =G6-G14 -> 11450000
B21: Budgeted Balance Sheet
D22: Quarter 1 | E22: Quarter 2 | F22: Quarter 3 | G22: Quarter 4
C23: Assets
C24: Cash | D24: =D17 -> 1038000 | E24: =E17 -> 2876000 | F24: =F17 -> 5748000 | G24: =G17 -> 11450000
C25: DM Inventory | D25: ='Operating Budget'!D23*'Operating Budget'!D27 -> 5184000 | E25: ='Operating Budget'!E23*'Operating Budget'!E27 -> 5760000 | F25: ='Operating Budget'!F23*'Operating Budget'!F27 -> 5760000 | G25: ='Operating Budget'!G23*'Operating Budget'!G27 -> 5256000
C26: FG Inventory | D26: ='Operating Budget'!D57 -> 4327741.9 | E26: ='Operating Budget'!E57 -> 4993548.4 | F26: ='Operating Budget'!F57 -> 6658064.5 | G26: ='Operating Budget'!G57 -> 3329032.3
C27: Accounts Receivable | D27: ='Cash Budget SupportingSchedules'!C22 -> 3900000 | E27: ='Cash Budget SupportingSchedules'!D23 -> 4200000 | F27: ='Cash Budget SupportingSchedules'!E24 -> 4500000 | G27: ='Cash Budget SupportingSchedules'!F25 -> 5400000
C28: Plant & Equip (net) | D28: =33500000-'Cash Budget SupportingSchedules'!C58-'Cash Budget SupportingSchedules'!C65 -> 33100000 | E28: =D28-'Cash Budget SupportingSchedules'!D58-'Cash Budget SupportingSchedules'!D65 -> 32700000 | F28: =E28-'Cash Budget SupportingSchedules'!E58-'Cash Budget SupportingSchedules'!E65 -> 32300000 | G28: =F28+G13-'Cash Budget SupportingSchedules'!F58-'Cash Budget SupportingSchedules'!F65 -> 33900000
C29: Total Assets | D29: =SUM(D24:D28) -> 47549742 | E29: =SUM(E24:E28) -> 50529548 | F29: =SUM(F24:F28) -> 54966065 | G29: =SUM(G24:G28) -> 59335032
C31: Liabilities & SHE
C32: Accounts Payable | D32: ='Cash Budget SupportingSchedules'!C48 -> 9324000 | E32: ='Cash Budget SupportingSchedules'!D49 -> 8928000 | F32: ='Cash Budget SupportingSchedules'!E50 -> 9600000 | G32: ='Cash Budget SupportingSchedules'!F51 -> 9348000
C33: Capital Stock | D33: 27000000 | E33: 27000000 | F33: 27000000 | G33: 27000000
C34: Retained Earnings | D34: =8058000+'Operating Budget'!D87-D12-72000 -> 11225742 | E34: =D34+'Operating Budget'!E87-'Financial Budget'!E12+576000 -> 14601548 | F34: =E34+'Operating Budget'!F87-'Financial Budget'!F12 -> 18366065 | G34: =F34+'Operating Budget'!G87-'Financial Budget'!G12-504000 -> 22987032
C35: Total Liabilities & SHE | D35: =SUM(D32:D34) -> 47549742 | E35: =SUM(E32:E34) -> 50529548 | F35: =SUM(F32:F34) -> 54966065 | G35: =SUM(G32:G34) -> 59335032

Sheet Cash Budget SupportingSchedules
B2: Cash Collection Schedule
C3: Quarter 1 | D3: Quarter 2 | E3: Quarter 3 | F3: Quarter 4
B4: Quarter 4, 2006
B5: (55,000 * $400) * 15% | C5: =PRODUCT(55000,400,0.15) -> 3300000
B6: Quarter 1, 2007
B7: ($26,000,000 * 85%) | C7: ='Operating Budget'!D6*0.85 -> 22100000
B8: ($26,000,000 * 15%) | D8: ='Operating Budget'!D6*0.15 -> 3900000
B9: Quarter 2, 2007
B10: ($28,000,000 * 85%) | D10: ='Operating Budget'!E6*0.85 -> 23800000
B11: ($28,000,000 * 15%) | E11: ='Operating Budget'!E6*0.15 -> 4200000
B12: Quarter 3, 2007
B13: ($30,000,000 * 85%) | E13: ='Operating Budget'!F6*0.85 -> 25500000
B14: ($30,000,000 * 15%) | F14: ='Operating Budget'!F6*0.15 -> 4500000
B15: Quarter 4, 2007
B16: ($36,000,000 * 85%) | F16: ='Operating Budget'!G6*0.85 -> 30600000
B17: Total Collections | C17: =SUM(C5+C7) -> 25400000 | D17: =SUM(D8+D10) -> 27700000 | E17: =SUM(E11+E13) -> 29700000 | F17: =SUM(F14+F16) -> 35100000
B20: Accounts Receivable Schedule
C21: End Quarter 1 | D21: End Quarter 2 | E21: End Quarter 3 | F21: End Quarter 4
B22: Quarter 1: ($26,000,000*15%) | C22: ='Operating Budget'!D6*0.15 -> 3900000
B23: Quarter 2: ($28,000,000*15%) | D23: ='Operating Budget'!E6*0.15 -> 4200000
B24: Quarter 3: ($30,000,000*15%) | E24: ='Operating Budget'!F6*0.15 -> 4500000
B25: Quarter 4: ($36,000,000*15%) | F25: ='Operating Budget'!G6*0.15 -> 5400000
B29: Cash Disbursements for Direct Materials Purchases Schedule
C30: Quarter 1 | D30: Quarter 2 | E30: Quarter 3 | F30: Quarter 4
B31: Beg. Accounts Payable | C31: 7248000
B32: Quarter 1
B33: ($18,648,000 * 50%) | C33: ='Operating Budget'!D28*0.5 -> 9324000
B34: ($18,648,000 * 50%) | D34: ='Operating Budget'!D28*0.5 -> 9324000
B35: Quarter 2
B36: ($17,856,000 * 50%) | D36: ='Operating Budget'!E28*0.5 -> 8928000
B37: ($17,856,000 * 50%) | E37: ='Operating Budget'!E28*0.5 -> 8928000
B38: Quarter 3
B39: ($19,200,000 * 50%) | E39: ='Operating Budget'!F28*0.5 -> 9600000
B40: ($19,200,000 * 50%) | F40: ='Operating Budget'!F28*0.5 -> 9600000
B41: Quarter 4
B42: ($18,696,000 * 50%) | F42: ='Operating Budget'!G28*0.5 -> 9348000
B43: Total Payments | C43: =SUM(C31+C33) -> 16572000 | D43: =SUM(D34+D36) -> 18252000 | E43: =SUM(E37+E39) -> 18528000 | F43: =SUM(F40+F42) -> 18948000
B46: Accounts Payable Schedule
C47: Quarter 1 | D47: Quarter 2 | E47: Quarter 3 | F47: Quarter 4
B48: Quarter 1: ($18,648,000*50%) | C48: ='Operating Budget'!D28*0.5 -> 9324000
B49: Quarter 2: ($17,856,000*50%) | D49: ='Operating Budget'!E28*0.5 -> 8928000
B50: Quarter 3: ($19,200,000*50%) | E50: ='Operating Budget'!F28*0.5 -> 9600000
B51: Quarter 4: ($18,696,000*50%) | F51: ='Operating Budget'!G28*0.5 -> 9348000
B55: Cash Disbursements for Overhead
C56: Quarter 1 | D56: Quarter 2 | E56: Quarter 3 | F56: Quarter 4
B57: Total OH | C57: ='Operating Budget'!D46 -> 3340000 | D57: ='Operating Budget'!E46 -> 3160000 | E57: ='Operating Budget'!F46 -> 3400000 | F57: ='Operating Budget'!G46 -> 3400000
B58: Depreciation | C58: 350000 | D58: 350000 | E58: 350000 | F58: 350000
B59: Total Payments for OH | C59: =C57-C58 -> 2990000 | D59: =D57-D58 -> 2810000 | E59: =E57-E58 -> 3050000 | F59: =F57-F58 -> 3050000
B62: Cash Disbursements for Selling & Administrative Expenses
C63: Quarter 1 | D63: Quarter 2 | E63: Quarter 3 | F63: Quarter 4
B64: Total Selling & Admin. Expenses | C64: ='Operating Budget'!D78 -> 900000 | D64: ='Operating Budget'!E78 -> 950000 | E64: ='Operating Budget'!F78 -> 1000000 | F64: ='Operating Budget'!G78 -> 1150000
B65: Depreciation | C65: 50000 | D65: 50000 | E65: 50000 | F65: 50000
B66: Total Payments for S&A | C66: =C64-C65 -> 850000 | D66: =D64-D65 -> 900000 | E66: =E64-E65 -> 950000 | F66: =F64-F65 -> 1100000
